 Dungeon Crawl Stone Soup version 0.29.1-15-g9cfb28693d (webtiles) character file.

Game seed: 2816214337403533625

1201 BuddhaDhamma the Cleaver (level 8, -9/64 HPs)
             Began as a Minotaur Berserker on Mar 13, 2023.
             Was a Priest of Trog.
             Killed from afar by an acid dragon (29 damage)
             ... with a splash of acid
             ... on level 6 of the Dungeon.
             The game lasted 00:09:23 (5304 turns).

BuddhaDhamma the Cleaver (Minotaur Berserker)       Turns: 5304, Time: 00:09:24

Health: -9/64      AC:  0    Str: 24    XL:     8   Next: 21%
Magic:  7/7        EV:  8    Int:  4    God:    Trog [***...]
Gold:   294        SH:  3    Dex: 10    Spells: 7/7 levels left

rFire   . . .      SeeInvis .   b - +1 war axe
rCold   . . .      Faith    .   d - +0 buckler
rNeg    . . .      Spirit   .   q - +0 chain mail
rPois   .          Reflect  .   (helmet restricted)
rElec   .          Harm     .   (no cloak)
rCorr   .          Rampage  .   (no gloves)
Will    .....                   (no boots)
Stlth   ..........              n - amulet of regeneration
HPRegen 1.00/turn               (no ring)
MPRegen 0.10/turn               (no ring)

@: lethally poisoned (-9 -> -11), corroded
A: horns 2, retaliatory headbutt
a: Renounce Religion, Berserk, Trog's Hand


You were on level 6 of the Dungeon.
You worshipped Trog.
Trog was most pleased with you.
You visited 1 branch of the dungeon, and saw 6 of its levels.

You collected 294 gold pieces.

Inventory:

Hand Weapons
 b - a +1 war axe (weapon)
Missiles
 g - 6 javelins (quivered)
Armour
 d - a +0 buckler (worn)
 q - a +0 chain mail (worn)
Jewellery
 i - an amulet of reflection
 l - a +6 ring of intelligence
 n - an amulet of regeneration (around neck)
Scrolls
 j - 2 scrolls of vulnerability
 m - a scroll of teleportation
 o - 2 scrolls of butterflies
 t - a scroll of identify
Potions
 a - a potion of heal wounds
 c - 3 potions of mutation
 e - 2 potions of curing
 f - a potion of lignification
 h - 2 potions of flight
 k - a potion of haste
 p - a potion of invisibility {unknown}
 s - 2 potions of magic {unknown}
 u - 2 potions of brilliance {unknown}


   Skills:
 - Level 3.6 Fighting
 + Level 12.2 Axes
 - Level 2.4 Armour
 - Level 2.1 Dodging


You had 7 spell levels left.
You didn't know any spells.
Your spell library was empty.

Dungeon Overview and Level Annotations

Branches:
Dungeon (6/15)
 Temple: D:4-7

Altars:
Dithmenos
Nemelex Xobeh
Ru
Sif Muna
Wu Jian

Shops:
D:1 ![(   D:4 *


Innate Abilities, Weirdness & Mutations

You have a pair of horns on your head.
You reflexively headbutt those who attack you in melee.


Message History

You hit the acid dragon. Your headbutt misses the acid dragon.
The acid dragon is severely wounded.
The acid dragon bites you! The acid dragon barely misses you.
You hit the acid dragon but do no damage.
The acid dragon is severely wounded.
You hit the adder. The acid dragon closely misses you. You furiously retaliate!
You headbutt the acid dragon, but do no damage.
The acid dragon barely misses you. You block the adder's attack.
You hit the acid dragon but do no damage.
The acid dragon is heavily wounded.
You miss the adder. The adder bites you.
You are poisoned.
The adder poisons you! The acid dragon spits acid at you.
The splash of acid hits you! The acid corrodes you!
You hear an angry hiss.
You are too injured to fight recklessly!
You are too injured to fight recklessly!
You are too injured to fight recklessly!
You closely miss the adder.
The adder is lightly wounded.
You closely miss the acid dragon.
You feel sick. The adder bites you.
You are more poisoned.
The adder poisons you! The acid dragon barely misses you.
You furiously retaliate!
You headbutt the acid dragon! The acid dragon claws you.
You hit the adder. Your headbutt misses the adder.
The adder is heavily wounded.
You hit the acid dragon but do no damage.
You feel very sick. The adder closely misses you. You furiously retaliate!
You headbutt the adder, but do no damage.
The acid dragon bites you! The acid dragon closely misses you.
The adder bites you.
You hit the adder. Your headbutt misses the adder.
The adder is severely wounded.
You barely miss the acid dragon.
You feel sick. The acid dragon spits acid at you. The splash of acid hits you!!
You die...

#... .# ##...#.#
....#.#######
#...#........
..##...#........
................
#!YD........ #@S..#
##...# #########
#.### ##.....#.. #.#
##.........
#.#####..........
#................
#................
....................
#..#########.........


You could see an acid dragon (catching breath), a sky beast and an adder.

Vanquished Creatures
  Sigmund (D:2)
  A black bear (D:6)
  2 ogres
  A phantom (D:6)
  2 scorpions (D:5)
  A howler monkey (D:5)
  3 hounds (D:5)
  2 orc priests
  4 jellies
  Jessica (D:2)
  Terence (D:2)
  2 iguanas (D:5)
  9 adders
  A shadow imp (D:5)
  An ufetubus (D:4)
  2 worms
  3 dart slugs
  16 orcs
  9 ball pythons
  13 endoplasms
  3 giant cockroaches
  6 hobgoblins
  4 jackals
  4 quokkas
  6 bats
  A frilled lizard (D:1)
  4 goblins
  11 kobolds
  2 rats
116 creatures vanquished.

Vanquished Creatures (others)
  3 fungi (D:6)
  3 plants (D:6)
6 creatures vanquished.

Grand Total: 122 creatures vanquished

Notes
Turn   | Place    | Note
-------+----------+-------------------------------------------
     0 | D:1      | BuddhaDhamma the Minotaur Berserker began the quest for the
                  | Orb.
     0 | D:1      | Reached XP level 1. HP: 19/19 MP: 0/0
    58 | D:1      | Reached skill level 4 in Axes
   513 | D:1      | Reached XP level 2. HP: 21/26 MP: 1/1
  1112 | D:1      | Found a faded altar of an unknown god.
  1264 | D:1      | Found Xaoggykh's Antique Armour Shop.
  1271 | D:1      | Found Aputax's Antique Weapon Boutique.
  1402 | D:1      | Reached skill level 5 in Axes
  1465 | D:1      | Reached XP level 3. HP: 28/31 MP: 2/2
  1491 | D:1      | Reached ** piety under Trog
  1697 | D:1      | Found Merem's Distillery.
  1767 | D:2      | Noticed Sigmund
  1778 | D:2      | Killed Sigmund
  1779 | D:2      | Reached skill level 7 in Axes
  1779 | D:2      | Reached XP level 4. HP: 39/39 MP: 3/3
  1779 | D:2      | Reached XP level 5. HP: 45/45 MP: 4/4
  1837 | D:2      | Noticed Terence
  1841 | D:2      | Noticed Jessica
  1847 | D:2      | Killed Terence
  1850 | D:2      | Killed Jessica
  1857 | D:2      | Reached skill level 8 in Axes
  1915 | D:2      | Identified the +7 dagger "Leib Qont" {vorpal, Str+4 Int+4}
  1939 | D:2      | Reached XP level 6. HP: 30/51 MP: 5/5
  2592 | D:3      | Found a shimmering blue altar of Sif Muna.
  3001 | D:3      | Found a shadowy altar of Dithmenos.
  3702 | D:4      | Found a sparkling altar of Nemelex Xobeh.
  3876 | D:4      | Reached skill level 9 in Axes
  3958 | D:4      | Reached *** piety under Trog
  4027 | D:4      | Found Mioje's Overcharged Wands.
  4317 | D:4      | Found a sacrificial altar of Ru.
  4330 | D:5      | Entered Level 5 of the Dungeon
  4379 | D:5      | Reached XP level 7. HP: 57/57 MP: 6/6
  4412 | D:5      | Reached skill level 10 in Axes
  4697 | D:5      | Reached skill level 11 in Axes
  5029 | D:5      | Reached XP level 8. HP: 64/64 MP: 7/7
  5237 | D:6      | Found an ornate altar of the Wu Jian Council.
  5261 | D:6      | Reached skill level 12 in Axes
  5304 | D:6      | Killed from afar by an acid dragon

Illustrated notes

Levels and vault maps discovered:
D:1:      lightli_arrival_flooded_house, layout_basic, serial_co_window_serial,
          co_window_of_opportunity_a, co_window_of_opportunity_a,
          co_window_corner_a, co_window_corner_a, co_window_paths_a,
          co_window_paths_b, co_window_corner_b, co_window_unsneaky_path_c,
          co_window_of_opportunity_c, co_window_of_opportunity_b,
          co_window_2corner, co_window_paths_d, glass_columns_a,
          basic_ecumenical_altar, serial_shops, shop, shop,
          nicolae_shop_overgrown_old_shop, minmay_heptomino_h4
D:2:      layout_rooms, uniq_jessica, uniq_sigmund, uniq_terence
D:3:      layout_basic, mainiacjoe_overflow_paths,
          nicolae_dithmenos_through_a_glass_darkly
D:4:      layout_loops_cross, general_overflow_altar,
          mainiacjoe_overflow_tiny_flanked, nicolae_shop_overcharged_wands
D:5:      layout_basic, minmay_quadrilaterals
D:6:      layout_rooms, nzn_wu_jian_contemplation, lemuel_round_altar,
          mainiacjoe_overflow_boulevard, nicolae_overflow_hidden_temple,
          fedhas_altar_3, chequers_temple_overflow_statue_of_worship

Skill      XL: |  1  2  3  4  5  6  7  8 |
---------------+-------------------------+-----
Axes           | 4 5 7 8 9 11 12 | 12.2
Fighting       | |  3.6
Armour         | |  2.4
Dodging        | |  2.1

Action                   |  1- 3 |  4- 6 |  7- 9 || total
-------------------------+-------+-------+-------++-------
Melee: Hand axe          |    59 |    16 |       ||    75
       Headbutt          |     7 |    13 |    15 ||    35
       Punch             |     1 |       |       ||     1
       War axe           |       |    91 |    76 ||   167
Throw: Javelin           |     5 |       |       ||     5
Invok: Berserk           |     1 |     2 |       ||     3
  Use: Scroll            |       |    10 |     3 ||    13
Armor: Animal skin       |    12 |     2 |       ||    14
       Scale mail        |       |    30 |       ||    30
       Chain mail        |       |     3 |    29 ||    32
Dodge: Dodged            |    40 |    69 |    43 ||   152
Block: Buckler           |       |     3 |     7 ||    10
